 Dungeon Crawl Stone Soup version 0.28.0-45-g0d030f2227 (webtiles) character file.

Game seed: 16920971000722720757

127143 Labrat the Eclecticist (level 15, -5/113 (126) HPs)
             Began as a Demigod Conjurer on Apr 9, 2022.
             Slain by a spectral fenstrider witch (9 damage)
             ... called from beyond by a ghost crab
             ... on level 3 of the Swamp on Apr 12, 2022.
             The game lasted 02:36:26 (38143 turns).

Labrat the Eclecticist (Demigod Conjurer)          Turns: 38143, Time: 02:36:27

HP:   -5/113 (126)  AC: 21    Str: 15    XL:     15   Next: 98%
MP:   0/52          EV:  9    Int: 41    God:
Gold: 2978          SH:  2    Dex:  9    Spells: 34/51 levels left

rFire   + + +      SeeInvis .   W - staff of conjuration
rCold   + . .      Faith    .   c - +0 buckler of Haeri {rPois Will+}
rNeg    . . .      Spirit   +   D - +4 steam dragon scales of Tartarus {rPois Will+}
rPois   +          Reflect  .   Q - +2 hat of the Bear Spirit {Spirit, *Rage Will++}
rElec   .          Harm     .   j - +1 cloak
rCorr   .          Rampage  +   H - +3 Mad Mage's Maulers {Infuse+∞ RegenMP Int-3}
Will    +++++      Rage     20% L - +2 pair of boots {rampage}
Stlth   ++........              w - amulet of the Priest {Drain rPois rC+ Regen+ Str+7}
HPRegen 1.08/turn               N - ring of Ram Poir {Fly rPois rF+++ Int+4 Dex-3}
MPRegen 0.73/turn               F - ring of magical power

@: about to teleport, flying, constricted, heavily drained
A: high MP 1, forlorn, divine attributes
a: no special abilities


You were on level 3 of the Swamp.
You visited 4 branches of the dungeon, and saw 26 of its levels.
You also visited: Sewer, Gauntlet and Ice Cave.

You collected 2978 gold pieces.

Inventory:

Missiles
 b - 7 silver javelins
 i - 6 curare-tipped darts
 J - 3 throwing nets
Armour
 c - the +0 buckler of Haeri (worn) {rPois Will+}
   (You found it in an ice cave)

   rPois:     It protects you from poison.
   Will:      It increases your willpower.
 e - a scarf of repulsion
 j - a +1 cloak (worn)
 D - the +4 steam dragon scales of Tartarus (worn) {rPois Will+}
   (You took it off a minotaur in a Gauntlet)

   rPois:     It protects you from poison.
   Will:      It increases your willpower.
 H - the +3 Mad Mage's Maulers (worn) {Infuse+∞ RegenMP Int-3}
   (You found it on level 6 of the Dungeon)

   It empowers its wearer's blows with all of their magic.
   It causes its wearer's magical reserves to regenerate more quickly.
   Int:       It affects your intelligence (-3).
 L - a +2 pair of boots of rampaging (worn)
 Q - the +2 hat of the Bear Spirit (worn) {Spirit, *Rage Will++}
   (You found it on level 3 of the Dungeon)

   Going berserk makes the wearer tougher, and they're slowed less afterward.
   *Rage:     It berserks you when you make melee attacks (+20% chance).
   Will:      It greatly increases your willpower.
Magical Staves
 W - a staff of conjuration (weapon)
Jewellery
 h - the ring of Narrenu {rF+ rC+ rCorr Str-5}
   (You found it on level 11 of the Dungeon)

   [ring of protection from fire]

   Str:       It affects your strength (-5).
   rF:        It protects you from fire.
   rC:        It protects you from cold.
   rCorr:     It protects you from acid and corrosion.
 k - a ring of protection from cold
 n - the amulet of Mits {Contam Regen+ Int+8 Stlth+}
   (You found it on level 1 of the Swamp)

   [amulet of regeneration]

   Int:       It affects your intelligence (+8).
   Contam:    It causes magical contamination when unequipped.
   Regen:     It increases your rate of health regeneration.
   Stlth:     It makes you more stealthy.
 q - a ring of wizardry
 w - the amulet of the Priest (around neck) {Drain rPois rC+ Regen+ Str+7}
   (You found it in an ice cave)

   [amulet of regeneration]

   Str:       It affects your strength (+7).
   rC:        It protects you from cold.
   rPois:     It protects you from poison.
   Regen:     It increases your rate of health regeneration.
   Drain:     It drains your maximum health when unequipped.
 F - a ring of magical power (right hand)
 I - a ring of resist corrosion
 N - the ring of Ram Poir (left hand) {Fly rPois rF+++ Int+4 Dex-3}
   (You found it in a Gauntlet)

   [ring of poison resistance]

   Int:       It affects your intelligence (+4).
   Dex:       It affects your dexterity (-3).
   rF:        It renders you almost immune to fire.
   rPois:     It protects you from poison.
   Fly:       It grants you flight.
Wands
 r - a wand of charming (3)
 G - a wand of paralysis (21)
 O - a wand of digging (15)
 S - a wand of mindburst (9)
 U - a wand of acid (19)
 V - a wand of flame (33)
 Z - a wand of iceblast (39)
Scrolls
 f - 10 scrolls of teleportation
 l - 6 scrolls of fog
 m - 2 scrolls of enchant armour {unknown}
 o - 2 scrolls of blinking
 t - 3 scrolls of magic mapping
 v - 2 scrolls of summoning
 y - a scroll of acquirement {unknown}
 K - a scroll of holy word
 R - 4 scrolls of fear
Potions
 d - 2 potions of resistance {unknown}
 g - 4 potions of flight
 p - 3 potions of haste
 s - 11 potions of heal wounds
 u - a potion of experience {unknown}
 x - 3 potions of cancellation {unknown}
 z - 4 potions of invisibility {unknown}
 A - a potion of curing {unknown}
 B - 4 potions of might
 C - 2 potions of ambrosia {unknown}
 E - 2 potions of degeneration {unknown}
 M - a potion of berserk rage {unknown}
 P - 3 potions of brilliance {unknown}
 T - 5 potions of magic
Miscellaneous
 a - a condenser vane
 X - a lightning rod (4/4)
 Y - a phial of floods


   Skills:
 - Level 10.0 Fighting
 - Level 5.0 Armour
 - Level 5.0 Dodging
 - Level 1.7 Stealth
 + Level 18.6 Spellcasting
 + Level 7.4 Conjurations
 - Level 2.0 Necromancy
 - Level 2.0 Translocations
 - Level 2.0 Ice Magic
 - Level 2.0 Air Magic
 - Level 8.0 Earth Magic
 - Level 10.0 Evocations


You had 34 spell levels left.
You knew the following spells:

 Your Spells              Type           Power      Damage    Failure   Level
a - Magic Dart            Conj           100%       1d8       1%          1
b - Searing Ray           Conj           100%       2d8       1%          2
c - Iskenderun's Mystic   Conj/Tloc      86%        2d17      1%          4
d - Borgnjor's Vile Clut  Necr/Erth      34%        N/A       3%          5
e - Freezing Cloud        Conj/Ice/Air   40%        6-21      5%          5

Your spell library contained the following spells:

 Spells                   Type           Power      Damage    Failure   Level
 Apportation              Tloc           100%       N/A       1%          1
 Pain                     Necr           100%       1d9       1%          1
 Shock                    Conj/Air       100%       1d9       1%          1
 Summon Small Mammal      Summ           100%       N/A       1%          1
 Corpse Rot               Necr/Air       100%       N/A       1%          2
 Poisonous Vapours        Pois/Air       92%        N/A       1%          2
 Dazzling Flash           Conj/Hex       100%       N/A       1%          3
 Swiftness                Air            53%        N/A       1%          3
 Fulminant Prism          Conj/Hex       40%        3d20      1%          4
 Hailstorm                Conj/Ice       86%        3d17      1%          4
 Call Canine Familiar     Summ           38%        N/A       2%          3
 Confusing Touch          Hex            38%        N/A       2%          3
 Summon Guardian Golem    Hex/Summ       38%        N/A       2%          3
 Animate Dead             Necr           26%        N/A       4%          4
 Ice Form                 Ice/Tmut       46%        N/A       6%          4
 Agony                    Necr           53%        N/A       12%         5
 Excruciating Wounds      Necr           26%        N/A       12%         5
 Silence                  Hex/Air        23%        N/A       17%         5
 Alistair's Intoxication  Tmut/Pois      25%        N/A       26%         5
 Yara's Violent Unravell  Hex/Tmut       19%        3d9       26%         5
 Simulacrum               Ice/Necr       26%        N/A       54%         6
 Eringya's Noxious Bog    Tmut/Pois      19%        N/A       82%         6
 Haunt                    Necr/Summ      23%        N/A       99%         7
 Enfeeble                 Hex            19%        N/A       100%        7
 Infestation              Necr           26%        N/A       100%        8


Dungeon Overview and Level Annotations

Branches:
Dungeon (15/15)            Temple (0/1) D:5            Lair (6/6) D:9
  Swamp (3/4) Lair:4       Spider (0/4) Lair:4        Slime (0/5) Lair:5
    Orc (2/2) D:9             Elf (0/3) Orc:2        Vaults (0/5) D:14
 Depths (0/4) D:15          Sewer (visited)           IceCv (visited)
Gauntlet (visited)

Shops:
D:6 :   D:14 :   Orc:1 !   Orc:2 *([?


Innate Abilities, Weirdness & Mutations

You have an increased reservoir of magic. (+10% MP)
You shall have no god before yourself.
Your divine heritage dramatically boosts your attributes as you level up.


Message History

The swamp dragon looks frightened!
The spectral fenstrider witch is unaffected.
The spectral spriggan air mage is unaffected.
The spectral fenstrider witch is unaffected.
The ghost crab is unaffected.
The alligator looks frightened!
The tyrant leech looks frightened!
The spectral anaconda bites you but does no damage.
The spectral anaconda constricts you.
The spectral fenstrider witch hits you but does no damage.
The spectral fenstrider witch kicks you!
* * * LOW HITPOINT WARNING * * *
The swamp dragon is engulfed in spectral mist.
The ghost crab bites you but does no damage.
The ghost crab barely misses you.
The alligator is engulfed in spectral mist.
The spectral fenstrider witch barely misses you.
The spectral fenstrider witch kicks you but does no damage.
You block the spectral anaconda's attack.
The spectral anaconda constricts you. The spectral fenstrider witch hits you!
* * * LOW HITPOINT WARNING * * *
The spectral fenstrider witch closely misses you.
Unknown command.
Blink to where?
Press: ? - help, Dir - move target The spectral anaconda's grasp on you weakens, but your attempt to escape fails.
As you read the scroll of blinking, it crumbles to dust.
The spectral anaconda closely misses you.
The spectral anaconda constricts you.
* * * LOW HITPOINT WARNING * * *
The spectral spriggan air mage hits you but does no damage.
The spectral fenstrider witch hits you!
* * * LOW HITPOINT WARNING * * *
The spectral fenstrider witch kicks you but does no damage.
The swamp dragon is engulfed in spectral mist.
The alligator is engulfed in spectral mist.
The ghost crab closely misses you.
The ghost crab claws you but does no damage.
The spectral fenstrider witch hits you but does no damage.
The spectral fenstrider witch kicks you!
You die...

≈≈....♣ ≈... §≈.≈§<♣♣
.≈≈. ...≈≈≈.♣≈≈.≈♣ .≈/
.≈§≈≈≈≈♣.≈≈.♣ ..♣
.^>♣≈≈♣♣.≈≈.♣ .D♣♣ ♣♣
≈♣♣♣♣♣♣≈≈§≈.♣♣♣ ≈t≈♣≈≈.
≈.♣♣♣.≈.≈≈≈≈..♣♣♣♣°......
§.≈♣..♣♣≈≈≈....ZZ°○°.≈≈≈.
§≈.≈..≈≈...≈.≈≈Z@Z°○.≈≈≈≈
≈≈≈≈≈≈..≈..≈≈≈≈t≈°.≈≈≈≈≈≈
.≈≈≈≈≈≈≈≈.≈....≈≈..≈≈≈≈≈≈
..>≈≈≈≈..♣♣♣♣).≈≈§..≈≈≈..
≈§.≈≈≈≈≈.♣ ♣.≈≈≈≈≈≈≈≈...
..≈≈≈≈≈≈.♣ ♣<≈≈≈≈≈≈≈≈≈..
♣♣♣.≈≈..♣♣ ♣♣..≈≈≈≈≈§.♣♣
♣♣♣♣♣♣♣ ♣♣.≈≈....≈♣
♣♣♣♣.≈♣ ♣♣♣♣♣♣♣.≈≈≈.


You could see an alligator (swift, fleeing), a swamp dragon (fleeing), a ghost
crab, a spectral anaconda (summoned, strong), a spectral spriggan air mage
(summoned) and 2 spectral fenstrider witches.

Vanquished Creatures
  Saint Roka (Orc:2)
  A golden dragon (IceCv)
  Rupert (D:14)
  A thorn hunter (Lair:4)
  A fenstrider witch (Swamp:3)
  An azure jelly (D:15)
  The ghost of Toxt the Blasphemer, an adept KoGl of Zin (D:15)
  4 eleionomae
  A minotaur (Gauntlet)
  3 bunyips
  A spriggan zombie (D:15)
  A quicksilver dragon skeleton (D:15)
  The ghost of P0WERM0DE the Pure, a journeyman DsAK of Lugonu (Orc:2)
  5 ice dragons (IceCv)
  A boulder beetle (D:12)
  Erolcha (D:13)
  14 hydras
  4 ghost crabs
  5 two-headed ogres
  3 centaur warriors (D:14)
  A death yak (Lair:4)
  2 orc high priests
  2 alligators (Swamp:3)
  2 thrashing horrors (Gauntlet)
  Urug (Lair:2)
  A fire crab (Lair:5)
  3 goliath frogs
  A skeletal warrior (D:15)
  3 spriggan druids
  An orb spider (shapeshifter) (Gauntlet)
  A swamp dragon (Swamp:2)
  An orange crystal statue (IceCv)
  2 glowing orange brains (Gauntlet)
  A flayed ghost (D:15)
  A wizard (Gauntlet)
  6 bog bodies
  Pikel (D:5)
  4 deep elf pyromancers
  A necromancer (D:15)
  2 orc knights
  9 ugly things
  A frost giant zombie (D:15)
  3 oklob plants (Lair:5)
  4 orc sorcerers (Orc:2)
  2 will-o-the-wisps
  16 elephants
  2 manticores
  3 cyclopes
  A black mamba (Lair:4)
  2 gargoyles
  An ice statue (Gauntlet)
  19 cane toads
  2 torpor snails
  2 kobold demonologists
  A yaktaur (D:14)
  4 rime drakes
  5 storm dragon simulacra (IceCv)
  12 komodo dragons
  3 tengu conjurers
  2 freezing wraiths (D:15)
  A guardian mummy (D:15)
  4 trolls
  6 golden dragon simulacra (IceCv)
  A bloated husk (Swamp:2)
  3 hornets
  3 polar bears
  5 tyrant leeches
  12 slime creatures
  12 dream sheep
  20 blink frogs
  An ettin zombie (D:15)
  Sigmund (D:2)
  5 spriggans
  The ghost of L33tCrusader the Chopper, an amateur NaBe of Trog (D:3)
  7 basilisks
  3 shadows
  58 yaks
  2 wraiths
  3 small abominations (Gauntlet)
  2 wyverns
  16 humans (D:14)
  10 vampire mosquitoes
  10 swamp worms
  3 acid dragons
  12 water moccasins
  A hornet zombie (D:6)
  A swamp drake (Swamp:1)
  39 orc warriors
  A sky beast (D:6)
  5 ice dragon simulacra (IceCv)
  2 black bears
  2 ogres
  12 wolves
  6 centaurs
  A phantom (D:3)
  4 lemures (D:5)
  A kobold brigand (D:9)
  22 bullfrogs
  Blork the orc (D:4)
  A gnoll sergeant (D:7)
  5 scorpions
  A water moccasin zombie (D:5)
  8 killer bees (D:9)
  5 lindwurm simulacra (IceCv)
  A spectral ogre (Orc:2)
  8 howler monkeys
  11 wights (D:8)
  An orc simulacrum (Orc:2)
  A crimson imp (D:6)
  4 centaur zombies
  4 electric eels (Lair:6)
  2 hounds
  2 bullfrog zombies (D:6)
  A gnoll shaman (D:6)
  26 orc priests
  A jelly (D:5)
  5 bullfrog skeletons
  3 centaur skeletons
  27 orc wizards
  3 killer bee zombies
  5 spectral orcs (Orc:2)
  A howler monkey zombie (D:6)
  11 gnolls
  A howler monkey skeleton (D:6)
  5 river rats (Sewer)
  13 adders
  An ogre simulacrum (Orc:2)
  4 white imps
  2 ufetubi
  An adder skeleton (D:4)
  3 worms
  3 dart slugs
  93 orcs
  14 ball pythons
  7 endoplasms
  5 giant cockroaches
  7 goblins
  7 hobgoblins
  8 jackals
  2 quokkas
  5 bats
  7 frilled lizards
  12 kobolds
  30 rats
848 creatures vanquished.

Vanquished Creatures (others)
  A bunyip (Swamp:2)
  A spriggan (Swamp:1)
  3 bushes (Lair:4)
  4 demonic plants (Gauntlet)
  20 foxfires
  53 fungi
  143 plants
  6 withered plants (D:15)
231 creatures vanquished.

Grand Total: 1079 creatures vanquished

Notes
Turn   | Place    | Note
-------+----------+-------------------------------------------
     0 | D:1      | Labrat the Demigod Conjurer began the quest for the Orb.
     0 | D:1      | Reached XP level 1. HP: 14/14 MP: 5/5
   256 | D:1      | Reached skill level 2 in Spellcasting
   466 | D:1      | Reached XP level 2. HP: 20/20 MP: 2/7
   469 | D:1      | Learned a level 2 spell: Searing Ray
  1334 | D:2      | Reached XP level 3. HP: 26/26 MP: 3/9
  1686 | D:2      | Noticed Sigmund
  2267 | D:3      | Reached skill level 3 in Spellcasting
  2267 | D:3      | Reached XP level 4. HP: 33/33 MP: 9/11
  2707 | D:3      | Identified the +6 dagger "Fausadghe" {drain, Int+4 Stlth+}
  2834 | D:3      | Found a runed translucent gate.
  2834 | D:3      | Found a runed translucent gate.
  2834 | D:3      | Found a runed translucent gate.
  2842 | D:3      | Noticed L33tCrusader's ghost (amateur NaBe)
  2845 | D:3      | Identified the +1 whip "Dinill" {vamp, *Rage +Blink rElec
                  | rN++}
  2845 | D:3      | Identified the +0 scale mail of Silly Creativity {Dex+7}
  3127 | D:3      | Found the +2 hat of the Bear Spirit {Spirit, *Rage Will++}
  3166 | D:4      | Noticed a phantom
  3264 | D:3      | Killed a phantom
  3265 | D:3      | Reached skill level 5 in Conjurations
  3265 | D:3      | Reached XP level 5. HP: 38/38 MP: 2/13
  3412 | D:4      | Noticed Blork the orc
  3443 | D:4      | Killed Blork the orc
  3444 | D:4      | Reached skill level 4 in Spellcasting
  3854 | D:4      | Reached XP level 6. HP: 45/45 MP: 14/16
  4214 | D:4      | Learned a level 4 spell: Iskenderun's Mystic Blast
  4219 | D:4      | Reached skill level 5 in Spellcasting
  4219 | D:4      | Reached skill level 1 in Fighting
  4311 | D:5      | Entered Level 5 of the Dungeon
  4317 | D:5      | Identified the +7 falchion of Etool {elec, Dex+3}
  4400 | D:5      | Found a staircase to the Ecumenical Temple.
  4432 | D:5      | Found a glowing drain.
  4475 | Sewer    | Entered a sewer
  4930 | Sewer    | Reached XP level 7. HP: 57/57 MP: 2/17
  5535 | D:5      | Noticed Pikel
  5723 | D:5      | Killed Pikel
  5724 | D:5      | Reached skill level 5 in Fighting
  5724 | D:5      | Reached XP level 8. HP: 39/68 MP: 2/20
  6450 | D:2      | Killed Sigmund
  6451 | D:2      | Reached skill level 6 in Spellcasting
  7065 | D:6      | Noticed a two-headed ogre
  7078 | D:6      | Killed a two-headed ogre
  7079 | D:6      | Reached skill level 5 in Dodging
  7079 | D:6      | Reached skill level 7 in Spellcasting
  7079 | D:6      | Reached XP level 9. HP: 66/74 MP: 6/24
  7311 | D:6      | Reached skill level 8 in Spellcasting
  7317 | D:6      | Learned a level 5 spell: Borgnjor's Vile Clutch
  7505 | D:6      | Found the +3 Mad Mage's Maulers {Infuse+∞ RegenMP Int-3}
  7565 | D:6      | Found Reazoud's Book Shoppe.
  7623 | D:6      | Reached skill level 1 in Earth Magic
  9214 | D:8      | Reached skill level 9 in Spellcasting
  9571 | D:8      | Identified the +0 helmet "Gihob" {rF+}
 10668 | D:3      | Killed L33tCrusader's ghost
 10862 | D:9      | Reached skill level 5 in Earth Magic
 10862 | D:9      | Reached XP level 10. HP: 76/81 MP: 24/27
 11015 | D:9      | Reached skill level 10 in Spellcasting
 11113 | D:9      | Found a staircase to the Lair.
 11113 | D:9      | Noticed an elephant
 11149 | D:9      | Killed an elephant
 11417 | D:9      | Reached skill level 11 in Spellcasting
 12281 | D:9      | Found a staircase to the Orcish Mines.
 12345 | D:10     | Entered Level 10 of the Dungeon
 13176 | D:10     | Noticed a cyclops
 13510 | Lair:1   | Entered Level 1 of the Lair of Beasts
 13578 | Lair:1   | Reached skill level 12 in Spellcasting
 13859 | Lair:1   | Reached XP level 11. HP: 78/86 MP: 30/31
 14564 | Lair:2   | Noticed Urug
 16219 | Lair:3   | Reached skill level 13 in Spellcasting
 17078 | Lair:4   | Noticed a five-headed hydra
 17098 | Lair:4   | Found a staircase to the Swamp.
 17098 | Lair:4   | Noticed a bog body
 17172 | Lair:4   | Noticed a bog body
 17177 | Lair:4   | Killed a bog body
 17212 | Lair:4   | Killed a bog body
 17412 | Lair:4   | Reached XP level 12. HP: 89/94 MP: 17/34
 17534 | Lair:4   | Reached skill level 14 in Spellcasting
 17787 | Lair:4   | Found a hole to the Spider Nest.
 18027 | Lair:4   | Reached skill level 15 in Spellcasting
 18028 | Lair:4   | Reached skill level 1 in Evocations
 18171 | Lair:4   | Identified the +1 chain mail of Seas {rF+ Will++}
 18175 | Lair:4   | Noticed a six-headed hydra
 18186 | Lair:4   | Killed a six-headed hydra
 18539 | Lair:4   | Noticed a five-headed hydra
 18550 | Lair:4   | Killed a five-headed hydra
 18997 | Lair:4   | Noticed a four-headed hydra
 19002 | Lair:4   | Killed a four-headed hydra
 19003 | Lair:4   | Reached skill level 5 in Evocations
 19079 | Lair:4   | Noticed a seven-headed hydra
 19098 | Lair:4   | Killed a seven-headed hydra
 19502 | Lair:4   | Killed a five-headed hydra
 19723 | Lair:5   | Reached XP level 13. HP: 90/105 MP: 21/37
 21124 | Lair:5   | Found a staircase to the Slime Pits.
 21803 | Lair:2   | Killed Urug
 22109 | Orc:1    | Entered Level 1 of the Orcish Mines
 22494 | Orc:1    | Found Ekiawn's Distillery.
 22544 | Orc:2    | Entered Level 2 of the Orcish Mines
 22685 | Orc:2    | Reached skill level 10 in Fighting
 23165 | Orc:2    | Found a runed translucent gate.
 23165 | Orc:2    | Found a runed translucent gate.
 23165 | Orc:2    | Found a runed translucent gate.
 23167 | Orc:2    | Noticed P0WERM0DE's ghost (journeyman DsAK)
 23324 | Orc:2    | Reached skill level 1 in Armour
 23324 | Orc:2    | Reached skill level 1 in Necromancy
 23393 | Orc:2    | Found Xonistru's Magic Scroll Shoppe.
 23730 | Orc:2    | Found a staircase to the Elven Halls.
 23920 | Orc:2    | Found Veimm's Assorted Antiques.
 24474 | Orc:2    | Noticed Saint Roka
 24881 | Orc:2    | Found Intinuq's Antique Weapon Shop.
 24895 | Orc:2    | Found Befaufios's Antique Armour Boutique.
 25705 | Lair:6   | Entered Level 6 of the Lair of Beasts
 25746 | Lair:6   | Reached skill level 5 in Armour
 26930 | Lair:6   | Reached XP level 14. HP: 109/121 MP: 30/39
 27400 | Lair:6   | Reached skill level 16 in Spellcasting
 28192 | D:11     | Found a gate leading to a gauntlet.
 28206 | Gauntlet | Entered a Gauntlet
 28206 | Gauntlet | Found a transporter.
 28235 | Gauntlet | Found a transporter.
 28238 | Gauntlet | Found a transporter.
 28239 | Gauntlet | Found a transporter.
 28243 | Gauntlet | Found a runed translucent door.
 28243 | Gauntlet | Found a runed translucent door.
 28247 | Gauntlet | Found a transporter.
 28250 | Gauntlet | Found a transporter.
 28251 | Gauntlet | Found a transporter.
 28260 | Gauntlet | Found a transporter.
 28263 | Gauntlet | Found a transporter.
 28264 | Gauntlet | Found a transporter.
 28271 | Gauntlet | Found a runed translucent door.
 28274 | Gauntlet | Found a transporter.
 28275 | Gauntlet | Found a transporter.
 28276 | Gauntlet | Found a transporter.
 28284 | Gauntlet | Found a transporter.
 28726 | Gauntlet | Identified the ring of Ram Poir {Fly rPois rF+++ Int+4
                  | Dex-3}
 28779 | Gauntlet | Identified the +5 quarterstaff "Muzeef" {freeze, Int+2}
 28779 | Gauntlet | Identified the +4 steam dragon scales of Tartarus {rPois
                  | Will+}
 28806 | Gauntlet | Identified the ring "Ditoqir" {rC- MP+9 Int+6 Slay+5 SInv}
 28808 | Gauntlet | Identified the +1 robe of the Monk {Str+6 Int-3 Slay+3}
 28810 | Gauntlet | Identified the +5 scale mail of the Untouchables {Str-3
                  | Int+6}
 28813 | Gauntlet | Got Teriuwes's Incunabulum of Feathers
 29078 | D:11     | Identified the ring of Narrenu {rF+ rC+ rCorr Str-5}
 29577 | D:12     | Reached skill level 17 in Spellcasting
 30939 | D:13     | Noticed Erolcha
 30949 | D:13     | Killed Erolcha
 32135 | D:14     | Noticed Rupert
 32135 | D:14     | Found a gate to the Vaults.
 32149 | D:14     | Killed Rupert
 32467 | D:14     | Reached skill level 18 in Spellcasting
 32692 | D:14     | Found Ushri's Book Boutique.
 33206 | D:15     | Entered Level 15 of the Dungeon
 33382 | D:15     | Found a frozen archway.
 33382 | D:15     | Noticed an azure jelly
 33390 | D:15     | Killed an azure jelly
 33391 | D:15     | Reached XP level 15. HP: 126/126 MP: 33/42
 33437 | IceCv    | Entered an ice cave
 33961 | IceCv    | Noticed a golden dragon
 34016 | IceCv    | Identified the +0 buckler of Haeri {rPois Will+}
 34212 | IceCv    | Killed a golden dragon
 34353 | IceCv    | Identified the amulet of the Priest {Drain rPois rC+ Regen+
                  | Str+7}
 34521 | D:15     | Found a runed translucent door.
 34564 | D:15     | Noticed Toxt's ghost (adept KoGl)
 35118 | D:15     | Found a staircase to the Depths.
 35259 | D:15     | Killed Toxt's ghost
 35809 | Orc:2    | Killed Saint Roka
 35810 | Orc:2    | Reached skill level 10 in Evocations
 35816 | Orc:2    | Learned a level 5 spell: Freezing Cloud
 35904 | Orc:2    | Killed P0WERM0DE's ghost
 36108 | Swamp:1  | Entered Level 1 of the Swamp
 36156 | Swamp:1  | Reached skill level 1 in Ice Magic
 36156 | Swamp:1  | Reached skill level 1 in Air Magic
 36337 | Swamp:1  | Noticed a thorn hunter
 36385 | Lair:4   | Killed a thorn hunter
 36585 | Swamp:1  | Identified the amulet of Mits {Contam Regen+ Int+8 Stlth+}
 37757 | Swamp:3  | Noticed a fenstrider witch
 37766 | Swamp:3  | Killed a fenstrider witch
 38143 | Swamp:3  | HP: 4/113 [spectral fenstrider witch[a ghost crab] (10)]
 38143 | Swamp:3  | Slain by a spectral fenstrider witch

Illustrated notes

Levels and vault maps discovered:
D:1:      mrwooster_arrival_statue_3, layout_basic, serial_glass,
          glass_columns_c, glass_columns_c, minmay_heptomino_d4
D:2:      layout_basic, st_stairs_8, uniq_sigmund
D:3:      layout_loops_ring, old_standard_altar, jmf_multi_god_temple,
          biasface_ghost_orc_armoury, chequers_ecumenical_altar_island,
          serial_glass, glass_columns_a, glass_columns_a,
          kennysheep_pointless_box
D:4:      layout_loops_ring, fedhas_altar_4, sigmund_army, uniq_blork_the_orc
D:5:      layout_basic, lemuel_round_altar, lemuel_round_altar,
          minmay_temple_entry_statues_fountains, portal_sewer_entry_d,
          uniq_pikel
D:6:      layout_basic, grunt_temple_overflow_lords_of_destruction,
          nicolae_qazlal_general_emergency, mainiacjoe_overflow_brackets,
          lemuel_round_altar, serial_undead, serial_undead_e, serial_undead_f,
          serial_undead_f, serial_undead_d, serial_shops,
          nicolae_take_the_stairs
D:7:      layout_cave_pods
D:8:      layout_layer_cave, chequers_serial_rivers_large_b
D:9:      layout_irregular_city, lightli_temple_of_fire, david_lair_generic,
          david_orc_4
D:10:     layout_loops_corners
D:11:     layout_roguey, gauntlet_entry_generic, wad_floor_pattern_1
D:12:     layout_loops_ring
D:13:     layout_layer_cave, st_stairs_10, uniq_erolcha
D:14:     layout_long_grid, david_vaults_3, serial_shops, shop, drop_trap
D:15:     gammafunk_depths_entry_grave, layout_rooms,
          portal_ice_cave_entry_frozen_things, chequers_avenue,
          hellmonk_ghost_happy_afterlife
Lair:1:   layout_cave_pods, serial_bayou_pond_d
Lair:2:   layout_gridlike, grunt_megastairs_2, serial_bayou_shore_b, uniq_urug
Lair:3:   layout_gridlike, grunt_forest_stairs_clearing, grunt_megastairs_4
Lair:4:   nzn_winding_woodlands_medium [nzn_winding_woodlands_5x5_cross,
          nzn_winding_woodlands_5x15_twine,
          nzn_winding_woodlands_5x5_closed_star,
          nzn_winding_woodlands_5x5_three, nzn_winding_woodlands_center_lodge,
          nzn_winding_woodlands_5x5_open_star, nzn_winding_woodlands_hourglass,
          nzn_winding_woodlands_5x15_sidewinder,
          nzn_winding_woodlands_5x5_perimeter], layout_cave_pods,
          skrybe_swamp_entry_bodies, nicolae_spider_entry_non_spiders,
          nicolae_lair_grazing_beasts [nicolae_sub_lair_graze_edge,
          nicolae_sub_lair_graze_edge, nicolae_sub_lair_graze_edge,
          nicolae_sub_lair_graze_edge]
Lair:5:   layout_regular_city, minmay_slime_entry_oklob_enclosed, st_stairs_6,
          beast_lair_carwin_2
Lair:6:   minmay_lair_end_frog_pond, layout_regular_city,
          nicolae_quartered_pool_super, lemuel_fruit_tree
Swamp:1:  layout_falls_marsh, infiniplex_staircase_pool
Swamp:2:  layout_basic_swamp, evilmike_swamp_ruin_house_6
Swamp:3:  layout_basic_swamp, evilmike_swamp_ruin_rubble_2, swamp_pool1
Orc:1:    layout_diamond_mine, basic_altar, serial_shops, shop
Orc:2:    grunt_orc_community_town_hall, layout_caves,
          grunt_orc_community_big_house_2, grunt_orc_community_big_house_1,
          grunt_orc_community_house_1, grunt_orc_community_house_3,
          grunt_orc_community_house_1, grunt_orc_community_house_1,
          grunt_orc_community_house_3, basic_altar, gammafunk_ghost_necromancy,
          nicolae_orc_damp_corner

Skill      XL: |  1  2  3  4  5  6  7  8  9 10 11 12 13 14 15 |
---------------+----------------------------------------------+-----
Spellcasting   | 2 3 4 5 7 9 12 13 15 18 | 18.6
Conjurations   | 4 5 7 |  7.4
Fighting       | 3 5 7 10 | 10.0
Dodging        | 3 5 |  5.0
Translocations | 2 |  2.0
Earth Magic    | 5 8 |  8.0
Evocations     | 5 6 10 | 10.0
Armour         | 5 |  5.0
Necromancy     | 2 |  2.0
Ice Magic      | 2 |  2.0
Air Magic      | 2 |  2.0
Stealth        | |  1.7

Action                   |  1- 3 |  4- 6 |  7- 9 | 10-12 | 13-15 || total
-------------------------+-------+-------+-------+-------+-------++-------
Melee: Rapier            |    10 |     6 |       |       |       ||    16
       Dagger            |       |     3 |    27 |     4 |       ||    34
       Staff             |       |       |       |     7 |    19 ||    26
Throw: Dart              |       |       |     3 |       |     8 ||    11
       Javelin           |       |       |       |       |     1 ||     1
 Cast: Magic Dart        |    77 |   122 |   114 |   123 |   240 ||   676
       Searing Ray       |       |    15 |    64 |   148 |   319 ||   546
       Iskenderun's Myst |       |     1 |    24 |   131 |   405 ||   561
       Borgnjor's Vile C |       |       |       |       |    36 ||    36
Evoke: Wand              |       |       |       |     3 |     6 ||     9
       Phial of floods   |       |       |       |       |     2 ||     2
       Condenser vane    |       |       |       |       |     1 ||     1
       Lightning rod     |       |       |       |       |     7 ||     7
  Use: Scroll            |       |       |       |     8 |    17 ||    25
 Stab: Sleeping          |     2 |       |       |       |       ||     2
Armor: Robe              |     3 |    10 |    29 |    84 |    10 ||   136
       Acid dragon scale |       |       |       |       |   115 ||   115
       Steam dragon scal |       |       |       |       |   248 ||   248
Dodge: Dodged            |     5 |    25 |    70 |   160 |   340 ||   600
Block: Buckler           |       |       |     4 |    22 |    52 ||    78
